 Dungeon Crawl Stone Soup version 0.20.1-1-g8b1a95d (webtiles) character file.

564 vatarom the Arsonist (level 7, -1/36 HPs)
             Began as a Deep Elf Fire Elementalist on Sept 7, 2017.
             Slain by a hound (2 damage)
             ... on level 4 of the Dungeon.
             The game lasted 00:10:15 (2895 turns).

vatarom the Arsonist (Deep Elf Fire Elementalist)   Turns: 2895, Time: 00:10:16

Health: -1/36      AC:  2    Str:  5    XL:     7   Next: 10%
Magic:  13/13      EV:  8    Int: 22    God:
Gold:   80         SH:  0    Dex: 15    Spells: 2/12 levels left

rFire    . . .     SeeInvis .   k - +3 dagger (venom)
rCold    . . .     Gourm    .   (no shield)
rNeg     . . .     Faith    .   t - -5 robe of Misfortune {-Cast *Contam *Tele *Drain EV-5 Stlth-- *Curse} (curse)
rPois    .         Spirit   .   (no helmet)
rElec    .         Reflect  .   (no cloak)
rCorr    .         Harm     .   n - +0 pair of gloves
MR       .....     Rnd*Tele +   j - +0 pair of boots (curse) Stlth ..........NoCast +
                                f - amulet of regeneration
Regen    0.6/turn               l - +3 ring of protection
MPRegen  0.2/turn               (no ring)

@: no status effects
A: no striking features
a: no special abilities


You were on level 4 of the Dungeon.
You were not hungry.

You visited 1 branch of the dungeon, and saw 4 of its levels.

You collected 188 gold pieces.
You spent 108 gold pieces at shops.

Inventory:

Hand Weapons
 k - a +3 dagger of venom (weapon)
Armour
 a - a +0 robe
 j - a cursed +0 pair of boots (worn)
 n - a +0 pair of gloves (worn)
 t - the cursed -5 robe of Misfortune (worn) {-Cast *Contam *Tele *Drain EV-5 Stlth-- *Curse}
   (You bought it in a shop on level 4 of the Dungeon)

   It affects your evasion (-5).
   It prevents spellcasting.
   It may teleport you next to monsters.
   It curses itself when equipped.
   It causes magical contamination when unequipped.
   It causes draining when unequipped.
   It makes you much less stealthy.
   It has a curse placed upon it.
Jewellery
 f - an amulet of regeneration (around neck)
 h - a +5 ring of evasion {unknown}
 l - a +3 ring of protection (left hand)
Wands
 m - a wand of enslavement (11/24)
 u - a wand of clouds (0/9)
Scrolls
 d - 2 scrolls of identify
Potions
 e - 3 potions of heal wounds
 r - a potion of curing
Books
 b - a book of Flames

   Spells                             Type                      Level
   a - Flame Tongue                   Conjuration/Fire             1
   b - Throw Flame                    Conjuration/Fire             2
   c - Conjure Flame                  Conjuration/Fire             3
   d - Inner Flame                    Hexes/Fire                   3
   e - Sticky Flame                   Conjuration/Fire             4
   f - Fireball                       Conjuration/Fire             5
 i - Jessica's Guide on the Compass
   (You found it on level 3 of the Dungeon)

   Spells                             Type                      Level
   a - Shroud of Golubria             Charms/Translocation         2
Comestibles
 c - 2 bread rations
 g - 2 meat rations
 o - 2 fruits
 p - 3 royal jellies


   Skills:
 - Level 2.4 Dodging
 - Level 2.4 Stealth
 - Level 3.0 Spellcasting
 - Level 1.7 Conjurations
 + Level 8.9 Fire Magic


You had 2 spell levels left.
You knew the following spells:

 Your Spells              Type           Power        Failure   Level  Hunger
a - Flame Tongue          Conj/Fire      ####.        1%          1    None
b - Throw Flame           Conj/Fire      ####..       2%          2    ##.....
c - Conjure Flame         Conj/Fire      ####....     4%          3    ###....
d - Sticky Flame          Conj/Fire      ####....     14%         4    ####...


Dungeon Overview and Level Annotations

Branches:
Dungeon (4/15)
 Temple: D:4-7

Altars:
Cheibriados
Hepliaklqana

Shops:
D:4 [


Message History

The big kobold hits you.
The hobgoblin barely misses your big kobold.
The goblin hits your big kobold with a club.
The giant cockroach bites you.
Okay, then.
You closely miss the gnoll.
The gnoll is moderately wounded.
The hound bites you.
* * * LOW HITPOINT WARNING * * *
The hobgoblin barely misses your big kobold.
Your big kobold hits the goblin with a club.
The gnoll hits you with a club.
* * * LOW HITPOINT WARNING * * *
The giant cockroach closely misses you. The big kobold hits you.
* * * LOW HITPOINT WARNING * * *
The hobgoblin closely misses your big kobold.
You hit the gnoll.
The gnoll is heavily wounded.
The hound bites you.
You die...

##### ###
########...# ...#
##......#...#
....###.......#ggg
.....#...)...)##g#
.....#(..(...gKh@#
....)'...(..)ggKs#
.....#..((.$..)$g#
.....#........##'#
....###.......#..$#
...# ##......#...#
### ########...#
#####


You could see a big kobold, a hound, 2 gnolls, a giant cockroach, 4 hobgoblins,
2 goblins and a friendly big kobold.

Vanquished Creatures
  Sigmund (D:2)
  An orc warrior (D:4)
  The ghost of Zedayar the Sneak, an amateur SpAs (D:3)
  An iguana (D:4)
  Jessica (D:3)
  A worker ant (D:4)
  A gnoll (D:4)
  2 adders
  3 oozes
  2 worms
  2 dart slugs
  3 leopard geckos
  5 orcs
  4 bats
  2 giant cockroaches (D:1)
  12 goblins
  8 hobgoblins
  2 jackals (D:3)
  A quokka (D:3)
  2 frilled lizards (D:3)
  7 kobolds
  6 rats
68 creatures vanquished.

Vanquished Creatures (collateral kills)
  A big kobold (D:4)
  A gnoll (D:4)
  3 hobgoblins (D:4)
5 creatures vanquished.

Grand Total: 73 creatures vanquished

Notes
Turn   | Place    | Note
-------+----------+-------------------------------------------
     0 | D:1      | vatarom the Deep Elf Fire Elementalist began the quest for the Orb.
     0 | D:1      | Reached XP level 1. HP: 10/10 MP: 6/6
   313 | D:1      | Reached XP level 2. HP: 14/15 MP: 4/8
   316 | D:1      | Reached skill level 4 in Fire Magic
  1042 | D:2      | Reached XP level 3. HP: 19/19 MP: 7/9
  1046 | D:2      | Learned a level 2 spell: Throw Flame
  1050 | D:2      | Learned a level 3 spell: Conjure Flame
  1069 | D:2      | Reached skill level 5 in Fire Magic
  1396 | D:2      | Noticed Sigmund
  1433 | D:2      | Killed Sigmund
  1433 | D:2      | Reached skill level 6 in Fire Magic
  1433 | D:2      | Reached XP level 4. HP: 8/24 MP: 2/10
  1433 | D:2      | Reached XP level 5. HP: 9/28 MP: 2/11
  1491 | D:2      | Learned a level 4 spell: Sticky Flame
  1493 | D:2      | Reached skill level 7 in Fire Magic
  1523 | D:2      | Found a faded altar of an unknown god.
  2081 | D:3      | Noticed Jessica
  2084 | D:3      | Killed Jessica
  2087 | D:3      | Reached XP level 6. HP: 26/32 MP: 7/12
  2092 | D:3      | Identified Jessica's Guide on the Compass
  2132 | D:3      | Found a hazy altar of Hepliaklqana.
  2328 | D:3      | Noticed Zedayar's ghost (amateur SpAs)
  2399 | D:3      | Killed Zedayar's ghost
  2600 | D:4      | Reached skill level 8 in Fire Magic
  2701 | D:4      | Found Xiwyc's Antique Armour Shoppe.
  2706 | D:4      | Found a snail-covered altar of Cheibriados.
  2707 | D:4      | Bought a tattered robe for 108 gold pieces
  2717 | D:4      | Identified the cursed -5 robe of Misfortune {-Cast *Contam *Tele *Drain EV-5 Stlth-- *Curse} (You bought it in a shop on level 4 of the Dungeon)
  2722 | D:4      | Noticed an orc warrior
  2740 | D:4      | Killed an orc warrior
  2868 | D:4      | Reached XP level 7. HP: 8/36 MP: 13/13
  2894 | D:4      | HP: 1/36 [big kobold (2)]
  2895 | D:4      | Slain by a hound

Skill      XL: |  1  2  3  4  5  6 |
---------------+-------------------+-----
Fire Magic     | 4 6 7 8 |  8.9
Dodging        | |  2.4
Stealth        | |  2.4
Spellcasting   | |  3.0
Conjurations   | |  1.7

Action                   |  1- 3 |  4- 6 |  7- 9 || total
-------------------------+-------+-------+-------++-------
Melee: Unarmed           |     3 |       |       ||     3
       Dagger            |     1 |    39 |     6 ||    46
 Cast: Flame Tongue      |    61 |    62 |       ||   123
       Sticky Flame      |       |     4 |       ||     4
Evoke: Wand              |       |     2 |       ||     2
  Use: Scroll            |     2 |     6 |       ||     8
       Potion            |     3 |     1 |     2 ||     6
  Eat: Chunk             |     1 |     1 |       ||     2
       Bread ration      |       |     1 |       ||     1
Armor: Robe              |     4 |    25 |     7 ||    36
Dodge: Dodged            |    23 |    45 |    13 ||    81
